 Dungeon Crawl Stone Soup version 0.27-a0-1105-g946c659c87 (webtiles) character file.

Game seed: 14095915713104886874

55 senseless the Poker (level 3, -2/31 HPs)
             Began as a Gnoll Wanderer on Apr 29, 2021.
             Was an Initiate of Ashenzari.
             Slain by Crazy Yiuf
             ... wielding a +4 quarterstaff of chaos
              (4 damage)
             ... on level 2 of the Dungeon.
             The game lasted 00:08:07 (1885 turns).

senseless the Poker (Gnoll Wanderer)                Turns: 1885, Time: 00:08:08

Health: -2/31      AC:  2    Str: 11    XL:     3   Next: 93%
Magic:  7/7        EV: 11    Int: 10    God:    Ashenzari [......]
Gold:   119        SH:  0    Dex: 13    Spells: 6/7 levels left

rFire    . . .     SeeInvis .   a - +0 spear
rCold    . . .     Faith    .   (no shield)
rNeg     . . .     Spirit   .   d - +0 robe
rPois    .         Reflect  .   (no helmet)
rElec    .         Harm     .   (no cloak)
rCorr    .         Rampage  .   (no gloves)
Will     .....                  (no boots)
Stlth    ++........             (no amulet)
HPRegen  0.10/turn              (no ring)
MPRegen  0.10/turn              (no ring)

@: no status effects
A: fangs 1, strong nose, distributed training
a: Renounce Religion, Curse Item


You were on level 2 of the Dungeon.
You worshipped Ashenzari.
Ashenzari was noncommittal.
You visited 1 branch of the dungeon, and saw 2 of its levels.

You collected 119 gold pieces.

Inventory:

Hand Weapons
 a - a +0 spear (weapon)
 c - a +0 war axe
Armour
 d - a +0 robe (worn)
Potions
 b - a potion of heal wounds
 e - a potion of curing


   Skills:
 + Level 4.6 Fighting
 + Level 1.0 Short Blades
 + Level 1.0 Long Blades
 + Level 1.0 Axes
 + Level 1.0 Maces & Flails
 + Level 6.5 Polearms
 + Level 1.0 Staves
 + Level 1.0 Slings
 + Level 1.0 Bows
 + Level 1.0 Crossbows
 + Level 1.0 Throwing
 + Level 1.0 Armour
 + Level 1.0 Dodging
 + Level 1.0 Stealth
 + Level 1.0 Shields
 + Level 1.0 Unarmed Combat
 + Level 2.9 Spellcasting
 + Level 0.7 Conjurations
 + Level 0.7 Hexes
 + Level 2.1 Summonings
 + Level 0.7 Necromancy
 + Level 0.7 Translocations
 + Level 0.7 Transmutations
 + Level 0.7 Fire Magic
 + Level 2.1 Ice Magic
 + Level 0.7 Air Magic
 + Level 0.7 Earth Magic
 + Level 0.7 Poison Magic
 + Level 1.0 Invocations
 + Level 4.6 Evocations


You had 6 spell levels left.
You knew the following spells:

 Your Spells              Type           Power      Damage    Failure   Level
a - Magic Dart            Conj           8%         1d3       22%         1

Your spell library contained the following spells:

 Spells                   Type           Power      Damage    Failure   Level
 Freeze                   Ice            20%        1d4       12%         1
 Call Imp                 Summ           5%         N/A       19%         2
 Animate Skeleton         Necr           4%         N/A       22%         1
 Corona                   Hex            2%         N/A       22%         1
 Pain                     Necr           8%         1d4       22%         1
 Ensorcelled Hibernation  Hex/Ice        8%         N/A       24%         2
 Blink                    Tloc           N/A        N/A       32%         2
 Slow                     Hex            2%         N/A       32%         2
 Ozocubu's Armour         Ice            5%         N/A       34%         3
 Confusing Touch          Hex            2%         N/A       54%         3
 Conjure Flame            Conj/Fire      2%         6-21      54%         3
 Dazzling Flash           Conj/Hex       4%         N/A       54%         3
 Gell's Gravitas          Tloc           1%         N/A       54%         3
 Mephitic Cloud           Conj/Pois/Air  2%         N/A       54%         3
 Tukima's Dance           Hex            2%         N/A       54%         3
 Vampiric Draining        Necr           1%         2d6       54%         3
 Animate Dead             Necr           1%         N/A       91%         4
 Petrify                  Tmut/Erth      2%         N/A       91%         4
 Agony                    Necr           2%         N/A       99%         5
 Metabolic Englaciation   Hex/Ice        2%         N/A       99%         5
 Yara's Violent Unravell  Hex/Tmut       1%         3d3       99%         5


Dungeon Overview and Level Annotations

Branches:
Dungeon (2/15)

Altars:
Ashenzari

Annotations:
D:2 Crazy Yiuf


Innate Abilities, Weirdness & Mutations

You have very sharp teeth.
Your uncanny sense of smell can sniff out nearby items.
Your experience applies equally to all skills.


Message History

You now have 119 gold pieces (gained 13).
Things that are here:
a +0 club; a goblin corpse You see here 16 arrows.
Found 16 stones.
You pick up a book of Maledictions and begin reading...
You add the spells Corona, Ensorcelled Hibernation, Tukima's Dance and Dazzling Flash to your library.
You see here 16 arrows.
Found 26 arrows.
A rat comes into view.
The rat moves out of view.
A rat is nearby!
You reach to attack!
You hit the rat.
You kill the rat!
There is a shaft here.
You see here a scroll of identify.
There is a shaft here.
Found a stone staircase leading up.
You see here 16 arrows.
Things that are here:
a +0 club; a goblin skeleton As you open the door, it creaks loudly!
Crazy Yiuf shouts!
You reach to attack!
You barely miss Crazy Yiuf. You hit Crazy Yiuf.
Crazy Yiuf is lightly wounded.
You hit Crazy Yiuf. Your bite misses Crazy Yiuf.
Crazy Yiuf is lightly wounded.
Crazy Yiuf whimpers, "Action seventy sallow!"
Crazy Yiuf hits you with a +4 quarterstaff of chaos.
You hit Crazy Yiuf. You bite Crazy Yiuf, but do no damage.
Crazy Yiuf is moderately wounded.
Crazy Yiuf hits you with a +4 quarterstaff of chaos!
You are electrocuted!
Ouch! That really hurt!
* * * LOW HITPOINT WARNING * * *
You are too injured to fight recklessly!
You hit Crazy Yiuf.
Crazy Yiuf is moderately wounded.
Crazy Yiuf hits you with a +4 quarterstaff of chaos.
You die...

#........#
####.#.....##
#....:......#
#####.......#
#.......#
########.....## ###
###.#..#.#....###
#...##..#.......##.#
#
#...g@####......##.#
# #)..###
##.#..##..# # ###
#######)#### #.###.
#.##.. #..... #.####
###


You could see Crazy Yiuf.

Vanquished Creatures
  A worm (D:2)
  3 dart slugs
  7 endoplasms
  2 giant cockroaches (D:1)
  4 goblins
  3 hobgoblins (D:1)
  2 jackals (D:1)
  3 kobolds (D:1)
  A quokka (D:2)
  3 ball pythons
  6 bats
  4 frilled lizards
  5 rats
44 creatures vanquished.

Vanquished Creatures (others)
  3 fungi (D:2)
3 creatures vanquished.

Grand Total: 47 creatures vanquished

Notes
Turn   | Place    | Note
-------+----------+-------------------------------------------
     0 | D:1      | senseless the Gnoll Wanderer began the quest for the Orb.
     0 | D:1      | senseless set off with the following items: a +0 spear, a
                  | +0 robe; and the following spells available to memorise:
                  | Freeze, Call Imp, Magic Dart, Ozocubu's Armour, Blink,
                  | Slow, Conjure Flame, Mephitic Cloud
     0 | D:1      | Reached XP level 1. HP: 20/20 MP: 4/4
   280 | D:1      | Reached XP level 2. HP: 21/26 MP: 5/5
   430 | D:1      | Learned a level 1 spell: Magic Dart
   571 | D:1      | Found a faded altar of an unknown god.
   579 | D:1      | Became a worshipper of Ashenzari the Shackled
  1014 | D:1      | Reached XP level 3. HP: 27/31 MP: 7/7
  1424 | D:2      | Reached skill level 1 in Invocations
  1498 | D:2      | Found a runed translucent door.
  1499 | D:2      | Noticed Crazy Yiuf
  1575 | D:2      | Reached skill level 1 in Short Blades
  1575 | D:2      | Reached skill level 1 in Long Blades
  1575 | D:2      | Reached skill level 1 in Axes
  1575 | D:2      | Reached skill level 1 in Maces & Flails
  1575 | D:2      | Reached skill level 1 in Staves
  1575 | D:2      | Reached skill level 1 in Slings
  1575 | D:2      | Reached skill level 1 in Bows
  1575 | D:2      | Reached skill level 1 in Crossbows
  1575 | D:2      | Reached skill level 1 in Throwing
  1575 | D:2      | Reached skill level 1 in Armour
  1575 | D:2      | Reached skill level 1 in Dodging
  1575 | D:2      | Reached skill level 1 in Stealth
  1575 | D:2      | Reached skill level 1 in Shields
  1575 | D:2      | Reached skill level 1 in Unarmed Combat
  1885 | D:2      | Slain by Crazy Yiuf

Illustrated notes

Levels and vault maps discovered:
D:1:      minmay_arrival_checkered_box, layout_basic, basic_ecumenical_altar
D:2:      layout_rooms, uniq_crazy_yiuf_cottage

Skill      XL: |  1  2  3 |
---------------+----------+-----
Summonings     | 2 |  2.1
Ice Magic      | 2 |  2.1
Invocations    | 1 |  1.0
Short Blades   | 1 |  1.0
Long Blades    | 1 |  1.0
Axes           | 1 |  1.0
Maces & Flails | 1 |  1.0
Staves         | 1 |  1.0
Slings         | 1 |  1.0
Bows           | 1 |  1.0
Crossbows      | 1 |  1.0
Throwing       | 1 |  1.0
Armour         | 1 |  1.0
Dodging        | 1 |  1.0
Stealth        | 1 |  1.0
Shields        | 1 |  1.0
Unarmed Combat | 1 |  1.0
Fighting       | |  4.6
Polearms       | |  6.5
Spellcasting   | |  2.9
Conjurations   | |  0.7
Hexes          | |  0.7
Necromancy     | |  0.7
Translocations | |  0.7
Transmutations | |  0.7
Fire Magic     | |  0.7
Air Magic      | |  0.7
Earth Magic    | |  0.7
Poison Magic   | |  0.7
Evocations     | |  4.6

Action                   || total
-------------------------++-------
Melee: Spear             ||   162
       Bite              ||    11
       Punch             ||     1
 Cast: Magic Dart        ||    20
 Stab: Sleeping          ||     3
Armor: Robe              ||     9
Dodge: Dodged            ||    39

Table legend: (Time is in decaauts)
 A = Elapsed time spent in this place.
 B = Non-inter-level travel time spent in this place.
 C = Inter-level travel time spent in this place.
 D = Time resting spent in this place.
 E = Time spent auto-exploring this place.
 F = Levels seen in this place.
 G = Mean time per level.
                   A        B        C        D        E       F      G
               +--------+--------+--------+--------+--------+-----+--------+
         Total |   1848 |   1833 |     15 |    100 |   1470 |   2 |  924.0 |
       Dungeon |   1848 |   1833 |     15 |    100 |   1470 |   2 |  924.0 |
               +--------+--------+--------+--------+--------+-----+--------+

Top non-repeatable levels by time:
     D:1: 1119 daAuts
     D:2: 729 daAuts
